 Dungeon Crawl Stone Soup version 0.29-a0-25-g7f48f510a0 (webtiles) character file.

Game seed: 5605393622968664917

516 Nattfarinn the Grave Robber (level 7, 0/55 HPs)
             Began as a Deep Dwarf Necromancer on Jan 31, 2022.
             Slain by a phantom (6 damage)
             ... on level 5 of the Dungeon.
             The game lasted 00:12:32 (7088 turns).

Nattfarinn the Grave Robber (DDNe)                  Turns: 7088, Time: 00:12:32

Health: 0/55       AC:  2    Str: 12    XL:     7   Next: 0%
Magic:  8/12       EV: 12    Int: 17    God:
Gold:   323        SH: 10    Dex: 13    Spells: 5/12 levels left

rFire   + . .      SeeInvis .   e - +0 short sword (speed)
rCold   . . .      Faith    .   j - +0 buckler
rNeg    . . .      Spirit   .   a - +0 robe
rPois   .          Reflect  +   (no helmet)
rElec   .          Harm     .   (no cloak)
rCorr   .          Rampage  .   (no gloves)
Will    +....                   (no boots)
Stlth   ++........              w - amulet of reflection
HPRegen 0.00/turn               n - ring of protection from fire
MPRegen 0.13/turn               (no ring)

@: no status effects
A: damage resistance, heal wounds, sense surroundings 1, no regeneration
a: Heal Wounds


You were on level 5 of the Dungeon.
You visited 1 branch of the dungeon, and saw 5 of its levels.

You collected 323 gold pieces.

Inventory:

Hand Weapons
 e - a +0 short sword of speed (weapon)
Missiles
 q - 3 throwing nets
Armour
 a - a +0 robe (worn)
 j - a +0 buckler (worn)
Jewellery
 l - an amulet of the acrobat
 n - a ring of protection from fire (left hand)
 w - an amulet of reflection (around neck)
Wands
 r - a wand of iceblast (17)
Scrolls
 d - 2 scrolls of identify {unknown}
 g - 2 scrolls of vulnerability {unknown}
 h - 2 scrolls of silence {unknown}
 k - a scroll of immolation {unknown}
 p - 2 scrolls of teleportation {unknown}
 t - a scroll of fog {unknown}
Potions
 b - a potion of invisibility {unknown}
 c - a potion of resistance {unknown}
 f - a potion of haste {unknown}
 i - a potion of curing {unknown}
 m - a potion of cancellation
 o - a potion of brilliance
 s - 2 potions of attraction {unknown}
 u - a potion of might {unknown}
 v - a potion of berserk rage {unknown}


   Skills:
 - Level 3.7 Armour
 - Level 2.1 Dodging
 - Level 2.4 Stealth
 - Level 5.0 Shields
 - Level 3.3 Spellcasting
 + Level 0.0 Hexes
 - Level 5.0 Necromancy


You had 5 spell levels left.
You knew the following spells:

 Your Spells              Type           Power      Damage    Failure   Level
a - Pain                  Necr           80%        1d8       2%          1
b - Vampiric Draining     Necr           20%        2d7       9%          3
c - Confusing Touch       Hex            2%         N/A       54%         3

Your spell library contained the following spells:

 Spells                   Type           Power      Damage    Failure   Level
 Animate Skeleton         Necr           40%        N/A       2%          1
 Slow                     Hex            8%         N/A       22%         1
 Animate Dead             Necr           10%        N/A       26%         4
 Blink                    Tloc           4%         N/A       32%         2
 Lesser Beckoning         Tloc           2%         N/A       54%         3
 Agony                    Necr           20%        N/A       58%         5
 Manifold Assault         Tloc           2%         N/A       99%         5


Dungeon Overview and Level Annotations

Branches:
Dungeon (5/15)
 Temple: D:4-7

Altars:
Gozag
Sif Muna
Wu Jian
The Shining One

Shops:
D:2 [


Innate Abilities, Weirdness & Mutations

You are resistant to damage.
You can heal yourself by infusing magical energy.
You passively map a small area around you.
You do not regenerate.


Message History

You can't see any susceptible monsters within range! (Use Z to cast anyway.)
You miss the phantom.
The phantom is lightly damaged.
You block the phantom's attack.
You miss the phantom.
The phantom is lightly damaged.
The phantom completely misses you.
You hit the phantom.
The phantom is lightly damaged.
You miss the phantom.
The phantom is lightly damaged.
You block the phantom's attack.
You hit the phantom.
The phantom is moderately damaged.
The phantom completely misses you.
You hit the phantom.
The phantom is moderately damaged.
The phantom hits you.
* * * LOW HITPOINT WARNING * * *
The phantom blinks!
You blink.
You hit the phantom.
The phantom is heavily damaged.
You hit the phantom.
The phantom is severely damaged.
You block the phantom's attack.
You barely miss the phantom.
The phantom is severely damaged.
You block the phantom's attack.
You closely miss the phantom.
The phantom is heavily damaged.
The phantom closely misses you.
You closely miss the phantom.
The phantom is heavily damaged.
The phantom closely misses you.
You hit the phantom.
The phantom is severely damaged.
You hit the phantom.
The phantom is almost destroyed.
The phantom hits you!
You die...

..............# #.....#
..............######.....#
.############............#
.# #............# .#
#.†..........# .#
#............# ,
#............#
#............#
#...@W.......#
#............# *
#.....(......# ,
############## , *


You could see a phantom.

Vanquished Creatures
  A scorpion (D:4)
  A hound (D:4)
  2 orc priests (D:5)
  A centaur skeleton (D:5)
  Terence (D:1)
  Natasha (thrice) (D:4)
  A hound skeleton (D:4)
  6 gnolls (D:4)
  4 adders
  An ufetubus (D:5)
  3 worms
  13 dart slugs
  6 orcs
  8 endoplasms
  2 giant cockroaches
  11 goblins
  6 hobgoblins
  3 quokkas
  7 ball pythons
  4 bats
  5 frilled lizards
  10 kobolds
  7 rats
106 creatures vanquished.

Vanquished Creatures (others)
  A goblin (D:4)
1 creature vanquished.

Grand Total: 107 creatures vanquished

Notes
Turn   | Place    | Note
-------+----------+-------------------------------------------
     0 | D:1      | Nattfarinn the Deep Dwarf Necromancer began the quest for
                  | the Orb.
     0 | D:1      | Reached XP level 1. HP: 15/15 MP: 3/3
   260 | D:1      | Reached XP level 2. HP: 22/22 MP: 0/5
  1056 | D:2      | Noticed Terence
  1122 | D:1      | Killed Terence
  1123 | D:1      | Reached XP level 3. HP: 6/28 MP: 0/7
  1189 | D:1      | Learned a level 3 spell: Vampiric Draining
  1404 | D:2      | Reached skill level 5 in Necromancy
  1508 | D:2      | Reached XP level 4. HP: 30/36 MP: 4/8
  2345 | D:2      | Found Iteix's Armour Emporium.
  2387 | D:2      | Found a glowing golden altar of the Shining One.
  2984 | D:2      | Learned a level 3 spell: Confusing Touch
  3038 | D:3      | Reached skill level 1 in Shields
  3135 | D:3      | Noticed an ogre
  3816 | D:3      | Found a shimmering blue altar of Sif Muna.
  4333 | D:3      | Reached XP level 5. HP: 42/42 MP: 6/10
  5191 | D:4      | Found an ornate altar of the Wu Jian Council.
  5223 | D:4      | Reached XP level 6. HP: 16/49 MP: 1/11
  5416 | D:4      | Reached skill level 5 in Shields
  5954 | D:4      | Noticed Natasha
  5962 | D:4      | Killed Natasha
  5963 | D:4      | Reached skill level 1 in Armour
  6201 | D:4      | Noticed Natasha
  6206 | D:4      | Killed Natasha
  6644 | D:4      | Noticed Natasha
  6649 | D:4      | Killed Natasha
  6752 | D:5      | Entered Level 5 of the Dungeon
  6865 | D:5      | HP: 2/49 [centaur skeleton (3)]
  6930 | D:5      | Found an opulent altar of Gozag.
  7012 | D:5      | Reached XP level 7. HP: 22/55 MP: 8/12
  7088 | D:5      | Slain by a phantom

Illustrated notes

Levels and vault maps discovered:
D:1:      ebering_hopf_link, layout_loops_ring
D:2:      minmay_door_path, layout_basic, serial_shops, shop_coins, basic_altar,
          hangedman_decor_growths, lemuel_old_faithful, uniq_terence
D:3:      layout_loops_corners, nicolae_sif_muna_little_library,
          kennysheep_big_empty_room, minmay_ogre_servants
D:4:      kennysheep_slugbush, layout_loops_corners,
          mainiacjoe_overflow_catwalk, uniq_natasha
D:5:      layout_gridville, nicolae_gozag_seed_capital,
          minmay_temple_entry_junction_2, amcnicky_mini_corridor_feature

Skill      XL: |  1  2  3  4  5  6 |
---------------+-------------------+-----
Spellcasting   | 2 3 |  3.3
Necromancy     | 5 |  5.0
Shields        | 2 4 5 |  5.0
Armour         | 3 |  3.7
Dodging        | |  2.1
Stealth        | |  2.4

Action                   |  1- 3 |  4- 6 |  7- 9 || total
-------------------------+-------+-------+-------++-------
Melee: Short sword       |     4 |   130 |    21 ||   155
 Cast: Pain              |    46 |    11 |       ||    57
       Vampiric Draining |     7 |    78 |       ||    85
       Confusing Touch   |       |       |     1 ||     1
 Abil: Heal Wounds       |       |     2 |       ||     2
  Use: Potion            |       |     2 |       ||     2
 Stab: Sleeping          |       |     1 |       ||     1
Armor: Robe              |     4 |    12 |       ||    16
Dodge: Dodged            |    13 |   118 |     4 ||   135
Block: Buckler           |       |    17 |     5 ||    22

Table legend: (Time is in decaauts)
 A = Elapsed time spent in this place.
 B = Non-inter-level travel time spent in this place.
 C = Inter-level travel time spent in this place.
 D = Time resting spent in this place.
 E = Time spent auto-exploring this place.
 F = Levels seen in this place.
 G = Mean time per level.
                   A        B        C        D        E       F      G
               +--------+--------+--------+--------+--------+-----+--------+
         Total |   7065 |   6501 |    564 |    668 |   5002 |   5 | 1413.0 |
       Dungeon |   7065 |   6501 |    564 |    668 |   5002 |   5 | 1413.0 |
               +--------+--------+--------+--------+--------+-----+--------+

Top non-repeatable levels by time:
     D:4: 2217 daAuts
     D:2: 1946 daAuts
     D:1: 1332 daAuts
     D:3: 1318 daAuts
     D:5: 250 daAuts
